AoeStats
← La Hire

Arena

510415563Analyzed
4v4 RM · 2d ago on Sep 30, 2026· 40m 14s· 8 players
Game mode
Random Map
Map size
Large (8 player)
Population
200
Speed
Normal
Resources
Standard
Victory
Conquest
Starting age
Dark Age
Ending age
Imperial Age
RankedLock teamsTeams togetherTeam positionsShared explorationLock speedFull tech treeHidden civsTurbo modeCheats
Victory
Defeat
🇨🇴 Byzantines · Colombia
1335
+14
🇨🇳 Jurchens · China
1249
+18
🇮🇳 Magyars · India
1214
+19
🇦🇷 Malay · Argentina
1172
+21
🇨🇴 Aztecs · Colombia
1347
-20
🇦🇷 Wei · Argentina
1292
-18
🇦🇷 Franks · Argentina
1258
-17
🇦🇷 Danes · Argentina
1254
-17
MatRm10
4:12 Loom
9:44 Feudal Age
11:48 Loom
14:41 Castle Age
13:18 Double-Bit Axe
15:03 Stone Mining
18:17 Wheelbarrow
17:43 Gold Mining
18:23 Horse Collar
18:57 Bow Saw
19:07 Bloodlines
22:41 Heavy Plow
24:57 Stone Shaft Mining
29:57 Imperial Age
28:02 Husbandry
28:06 Tuntian
30:13 Scale Barding Armor
29:58 Light Cavalry
32:00 Gold Shaft Mining
31:56 Crop Rotation
31:54 Fervor
32:42 Chain Barding Armor
33:00 Forging
33:16 Conscription
33:34 Caravan
34:32 Sanctity
34:38 Hand Cart
35:11 Iron Casting
35:28 Ming Guang Armor
35:09 Elite Skirmisher
37:17 Blast Furnace
36:42 Thumb Ring
36:52 Elite Tiger Cavalry
39:13 Fletching
dfarfangomez
6:39 Loom
9:18 Feudal Age
9:51 Double-Bit Axe
15:16 Horse Collar
18:17 Wheelbarrow
22:04 Castle Age
20:07 Gold Mining
23:06 Bow Saw
24:10 Gold Shaft Mining
23:51 Heavy Plow
31:36 Imperial Age
29:28 Clinker Construction
28:50 Eagle Warrior
29:22 Stone Mining
31:17 Forging
31:37 Scale Mail Armor
32:36 Iron Casting
33:09 Crop Rotation
33:10 Chain Mail Armor
33:01 Elite Eagle Warrior
34:25 Conscription
35:35 Squires
35:59 Atlatl
Amante Peludo
8:30 Loom
10:33 Feudal Age
15:13 Castle Age
13:00 Double-Bit Axe
19:50 Loom
22:06 Wheelbarrow
29:03 Hand Cart
29:26 Scale Mail Armor
30:27 Gold Mining
34:27 Imperial Age
31:57 Horse Collar
32:32 Bow Saw
34:26 Forging
34:19 Squires
34:05 Gambesons
36:02 Iron Casting
KZA
11:22 Feudal Age
10:29 Loom
13:05 Double-Bit Axe
15:26 Castle Age
23:01 Pikeman
31:37 Imperial Age
30:59 Wheelbarrow
30:32 Scale Barding Armor
30:37 Forging
30:29 Scale Mail Armor
31:52 Husbandry
32:14 Chain Barding Armor
32:47 Iron Casting
31:44 Cavalier
33:18 Squires
33:29 Paladin
34:28 Chain Mail Armor
33:46 Halberdier
34:52 Gambesons
37:02 Blast Furnace
The Monad
9:54 Feudal Age
14:35 Castle Age
13:20 Double-Bit Axe
13:15 Horse Collar
13:50 Fletching
18:07 Loom
24:28 Bow Saw
26:43 Treadmill Crane
30:27 Imperial Age
31:18 Wheelbarrow
32:12 Chemistry
31:15 Padded Archer Armor
32:54 Hand Cart
33:48 Conscription
34:03 Bombard Tower
34:57 Murder Holes
36:03 Gold Mining
36:03 Stone Mining
36:16 Heavy Plow
36:05 Pikeman
36:13 Elite Varangian Guard
37:17 Scale Mail Armor
37:27 Forging
38:08 Squires
37:53 Arson
38:54 Chain Mail Armor
40:08 Iron Casting
40:55 Plate Mail Armor
NUR
10:30 Feudal Age
11:58 Double-Bit Axe
14:35 Castle Age
12:46 Horse Collar
15:27 Wheelbarrow
16:12 Bow Saw
20:18 Heavy Plow
22:48 Gold Mining
24:35 Loom
29:25 Imperial Age
27:47 Fletching
27:58 Padded Archer Armor
28:15 Bloodlines
28:05 Husbandry
28:30 Ballistics
28:36 Hand Cart
28:07 Town Watch
29:58 Thumb Ring
29:28 Heavy Cavalry Archer
30:34 Parthian Tactics
30:13 Bodkin Arrow
30:33 Leather Archer Armor
31:33 Parthian Tactics
31:11 Bracer
31:18 Recurve Bow
31:39 Conscription
33:00 Two-Man Saw
33:09 Ring Archer Armor
34:03 Chemistry
33:21 Scale Barding Armor
34:00 Gold Shaft Mining
35:31 Coinage
34:52 Stone Mining
35:05 Scale Mail Armor
35:27 Chain Barding Armor
35:52 Crop Rotation
36:29 Two-Man Saw
35:09 Light Cavalry
37:08 Hussar
40:57 Plate Barding Armor
Eros
13:33 Feudal Age
13:44 Horse Collar
17:44 Castle Age
22:43 Scale Barding Armor
22:55 Double-Bit Axe
25:37 Forging
25:46 Husbandry
31:07 Bow Saw
31:06 Light Cavalry
34:00 Heavy Plow
34:46 Man-at-Arms
35:27 Squires
36:07 Loom
36:57 Wheelbarrow
36:32 Long Swordsman
36:40 Long Swordsman
38:09 Iron Casting
37:19 Treadmill Crane
38:47 Hand Cart
La Hire
9:24 Feudal Age
13:40 Castle Age
11:28 Double-Bit Axe
13:24 Horse Collar
14:52 Loom
18:11 Heavy Plow
21:13 Wheelbarrow
21:05 Bow Saw
22:32 Hand Cart
23:36 Town Watch
24:56 Gold Mining
24:57 Stone Mining
25:52 Scale Barding Armor
25:57 Forging
27:01 Gold Shaft Mining
30:02 Imperial Age
28:23 Siege Engineers
28:29 Masonry
29:16 Stone Shaft Mining
29:04 Chain Barding Armor
29:20 Iron Casting
29:41 Bloodlines
29:32 Husbandry
31:24 Plate Barding Armor
31:11 Conscription
30:32 Elite Steppe Lancer
33:02 Blast Furnace
32:29 Padded Archer Armor
35:18 Chemistry
34:39 Ballistics
35:49 Hoardings
37:23 Light Cavalry
38:23 Leather Archer Armor
37:59 Fletching
38:36 Elite Iron Pagoda
Connection lost

Rejoining the realm…

Still unreachable

The connection could not be restored.

Session expired

The server has moved on; the page needs a fresh start.